[Event "Karel Janecek Open 2025"]
[Site "Prague"]
[Date "2025.03.07"]
[Round "9.3"]
[White "Beerdsen, Thomas"]
[Black "Isik, Alparslan"]
[Result "1-0"]
[Annotator "TA"]
[ECO "B66"]
[WhiteElo "2511"]
[BlackElo "2477"]
[PlyCount "81"]
[EventDate "2025.02.21"]
[EventType "swiss"]
[EventCountry "CZE"]
[SourceTitle "playchess.com"]
[Source "ChessBase"]
[SourceQuality "1"]
[TimeControl "40/5400+30:1800+30"]

1. e4 c5 2. Nf3 d6 3. d4 cxd4 4. Nxd4 Nf6 5. Nc3 Nc6 6. Bg5 e6 7. Qd2 a6 8. O-O-O Be7 9. Kb1 {[%emt 0:05:55] B66: Sicilian: Richter-Rauzer: 7...a6 8 0-0-0 h6.} Nxd4 10. Qxd4 Qc7 11. f3 {[%emt 0:07:38] A sharp opening. White is slightly better.} b5 12. g4 Bb7 13. Bc1 O-O 14. g5 Nd7 15. h4 $146 (15. Qf2 b4 16. Ne2 Rfc8 17. Nd4 d5 18. Bh3 Bc5 19. Qe2 Bxd4 20. Rxd4 dxe4 21. Rxb4 exf3 {0-1 Alexieva,S (2334)-Peptan,C (2480) EU-ch (Women) 3rd 2002 (7)}) 15... Rac8 16. h5 Nb6 (16... Qc5 $11) 17. h6 $16 {[%emt 0:07:13][%csl Gh6][%cal Rd4g7] White is more active.} e5 18. Qf2 g6 19. Be3 Nc4 20. Bxc4 Qxc4 21. Nd5 {[%emt 0:01:32][%csl Od5] Strong Square White (d5)} Bxd5 22. Rxd5 Rfe8 23. Rhd1 {[%emt 0:01:22] White has strong rooks and is better} Bf8 24. R1d3 {[%emt 0:08:18][%csl Od6] White attacks a weakness} Qc6 25. Bc1 Qd7 26. b3 $36 {[%emt 0:04:09][%mdl 2048] White has strong initiative.} Rc6 27. f4 exf4 {[%emt 0:06:07][%csl Od6,Of7] Black has weak pawns} (27... Qg4 $14) 28. e5 ({Don't play} 28. Bxf4 $6 Rxe4 29. Bxd6 Rxd6 $11) 28... Qe6 {[%emt 0:12:21] [#]} 29. Bxf4 (29. Bb2 $142 $1) 29... dxe5 30. Bxe5 Be7 {[%emt 0:03:20] This move loses the game for Black.} (30... Rcc8 $16) 31. Bb2 $18 Qg4 (31... f6 $142 32. Qf3 Qe1+ 33. Rd1 Qe6) 32. Qe1 {[%emt 0:02:28][%cal Od5d8] Intending Rd8! and mate.} Re6 {[%emt 0:01:23] [#]} 33. Qc3 f6 34. a3 {[%emt 0:00:42] aiming for Ka2.} Qe4 35. Ka2 Kf7 (35... Rf8 $142 36. Rd7 Qe5 37. gxf6 (37. Qxe5 fxe5 38. Rc3 e4 $16) 37... Bxf6 38. Qxe5 Rxe5 39. Bxe5 Bxe5) 36. Rd7 {[%emt 0:00:50] White is clearly winning.} Rc6 37. Qd2 f5 38. Re3 Rxc2 39. Rxe4 Rxd2 40. Rexe7+ Rxe7 41. Rxd2 {[%emt 0:30:06] Weighted Error Value: White=0.11 (very precise) /Black=0.30  Mistake:       	White=1     	Black=5      Inaccurate:     	White=2     	Black=2      OK:         	White=16    	Black=12     Best:        	White=2     	Black=6} 1-0

[Event "Karel Janecek Open 2025"]
[Site "Prague"]
[Date "2025.03.07"]
[Round "9.4"]
[White "Kistrup, Nicolai"]
[Black "Ioannidis, Evgenios"]
[Result "1/2-1/2"]
[Annotator "TA"]
[ECO "B30"]
[WhiteElo "2374"]
[BlackElo "2484"]
[PlyCount "86"]
[EventDate "2025.02.21"]
[EventType "swiss"]
[EventCountry "CZE"]
[SourceTitle "playchess.com"]
[Source "ChessBase"]
[SourceQuality "1"]
[TimeControl "40/5400+30:1800+30"]

1. e4 c5 2. Nf3 Nc6 3. Bb5 e6 4. O-O Nge7 5. d4 cxd4 6. Nxd4 Ng6 {[%emt 0:00:32] B30: Sicilian: 2...Nc6 3 Bb5, lines without ...g6.} 7. Be3 Qc7 8. Nc3 a6 {[%emt 0:07:46] White is slightly better.} 9. Bxc6 bxc6 10. f4 $146 (10. Nde2 c5 11. f4 Bb7 12. f5 Ne5 13. fxe6 fxe6 14. Nf4 O-O-O 15. Qe2 Be7 16. Nd3 {0-1 Cid Royo,J (2251)-Merino Garcia,R (2330) ESP-ch Palencia 1999 (9)}) 10... Bb7 11. Qh5 O-O-O (11... c5 $14 12. Nb3 c4) 12. Nb3 {[%emt 0:03:33] White is much more active. The black rooks are passive.} d5 (12... c5 $16) 13. Na4 $18 c5 14. Naxc5 (14. Bxc5 $6 Qc6 $16) (14. Nbxc5 d4) 14... Bxc5 (14... dxe4 $16 {was worth a try.} 15. Qe2 Bxc5 16. Nxc5 Qc6) 15. Nxc5 dxe4 16. Qe2 Rd6 17. a4 (17. b4 $18) 17... Ne7 $16 18. Ra3 (18. b4 $16) 18... Rc6 $1 $14 19. b4 {[%emt 0:04:13][%csl Oc5] Strong Square White (c5)} (19. Nxe4 Rxc2 $11) 19... Nd5 {[%emt 0:02:52] Prevents Rc3.} 20. Rb1 (20. Nxe4 Rxc2 21. Qe1 (21. Nd6+ $2 Kb8 $19) 21... Rd8 $19) 20... Rd8 21. g3 (21. Nxe4 $2 Rxc2 (21... Nxf4 22. Bxf4 Qxf4 23. Rf3 $14) 22. Bd2 Qb6+ (22... Nxf4 $2 23. Bxf4 Rxe2 24. Bxc7 $19) 23. Kh1 Nc7 $19 (23... Nxf4 $2 24. Rc3+ Rxc3 25. Bxf4 $19)) 21... a5 22. c3 (22. Nxe4 $2 axb4 (22... Rxc2 $2 23. Qb5 $19) 23. Rab3 f5 $19 (23... Rxc2 $2 24. Qb5 $19)) 22... Nxe3 23. Qxe3 Qb6 24. Kf2 (24. Qxe4 $2 Rxc5 25. Qe3 Rb5 26. Qxb6 Rxb6 $19) 24... f5 25. Rab3 Ba8 26. R3b2 Rd5 27. Ke2 (27. c4 Rd8 28. Kg2 axb4 29. Rxb4 Qxc5 $19) (27. Kf1 $1 $14) 27... h6 (27... e5 $6 28. fxe5 Rh6 29. Kf1 $16) 28. h4 h5 (28... e5 $6 29. fxe5 Qc7 30. e6 $18) 29. bxa5 $2 {[%emt 0:00:35] [#]} ({Only move:} 29. Kf2 $1 $11) 29... Qxc5 $2 (29... Qc7 $1 $17 30. Rb8+ Qxb8 31. Rxb8+ Kxb8) 30. Rb8+ $11 Kc7 31. Qxc5 Rcxc5 32. Rxa8 Rxa5 33. Rbb8 Rxa8 34. Rxa8 {[%emt 0:00:04][%mdl 4096] Endgame KR-KR} Rd3 35. Ra7+ Kd6 36. Rxg7 Rxc3 37. Rg5 (37. a5 $1 $11 {remains equal.}) 37... Kd5 $17 {[%emt 0:00:09] ...Kd4 would now be deadly.} 38. Rxh5 $2 {[%emt 0:00:24][%mdl 8192] [#]} (38. Rg8 $17 {is more resistant.} Ra3 39. Rd8+ Kc5 40. Rc8+ Kd6 41. Rd8+ Kc6 42. Rc8+ Kd7 43. Ra8) 38... Rxg3 $2 ({Better is} 38... Kd4 $1 $19 39. Rh6 Rc2+ (39... Rxg3 40. Rxe6 Rg2+ 41. Kf1 $17) 40. Kd1 Rc6) 39. Rh8 $1 $11 {[%emt 0:00:19] The position is equal.} Rh3 40. h5 Rh2+ 41. Ke3 Rh3+ 42. Ke2 Rh2+ 43. Ke3 Rh3+ {[%emt 0:00:47] Never resign too early!   Weighted Error Value: White=0.38/Black=0.33  Loses game:     	White=1     	---        Missed win:     	---       	Black=1      Mistake:       	White=5     	Black=4      Inaccurate:     	White=4     	Black=2      OK:         	White=12    	Black=15     Best:        	White=3     	Black=1      Strong:       	White=1     	Black=1} 1/2-1/2

[Event "Karel Janecek Open 2025"]
[Site "Prague"]
[Date "2025.03.07"]
[Round "9.5"]
[White "Pechac, Jergus"]
[Black "Dhulipalla Bala Chandra Prasad"]
[Result "1-0"]
[Annotator "TA"]
[ECO "C55"]
[WhiteElo "2603"]
[BlackElo "2432"]
[PlyCount "69"]
[EventDate "2025.02.21"]
[EventType "swiss"]
[EventCountry "CZE"]
[SourceTitle "playchess.com"]
[Source "ChessBase"]
[SourceQuality "1"]
[TimeControl "40/5400+30:1800+30"]

1. e4 e5 2. Nf3 Nc6 3. Bc4 Nf6 4. d3 Be7 5. O-O O-O 6. Re1 d6 7. a4 Be6 8. Bxe6 {[%emt 0:00:13] C55: Two Knights: 4 d3, 4 d4 exd4 5 e5 and Max Lange Attack.} fxe6 9. c3 a5 {[%emt 0:03:51] now scores much better than the old 9...Qd7.} 10. Be3 $5 {[%emt 0:00:19][%mdl 4] White is slightly better. Exploring less charted territory.} d5 $146 (10... Qd7 11. Nbd2 h6 12. Nc4 Rf7 13. Qb3 b6 14. Qb5 g5 15. h3 Raf8 16. Rad1 g4 17. hxg4 Nxg4 {0-1 Yu,Y (2715)-Abdusattorov,N (2766) Tashkent UzChess Masters 2024 (6)}) 11. Qb3 Qd6 12. Nbd2 Rad8 13. Re2 (13. Qxb7 $2 Rb8 14. Qa6 Ra8 $19) (13. Rad1 {with more complications.} Ng4 14. Nc4 Qd7 15. h3) 13... b6 14. Rae1 Kh8 15. Bg5 Ng8 16. exd5 exd5 17. Bxe7 Ngxe7 18. Nxe5 Nxe5 19. Rxe5 Ng6 20. R5e3 Qf4 (20... Nf4 $14) 21. R1e2 (21. Nf3 $142) 21... d4 22. Rf3 (22. cxd4 $1 $16 {Nf3 is the strong threat.} Qxd4 23. Nf3) 22... Qg4 {[%emt 0:04:23] [#]} (22... Qg5 $1 $11 {remains equal.}) 23. h3 ({White should try} 23. Re4 $1 $16 Qg5 24. Qc2 dxc3 25. Qxc3) 23... Qh5 (23... Qg5 $1 $14) 24. cxd4 Nf4 25. Re5 Qg6 26. Rg3 Qc6 {[%emt 0:02:26] [#]} (26... Qf6 $16) 27. Nf3 $1 $18 Qf6 (27... Qd6 $142 28. Re4 Nh5) 28. Re4 c5 29. dxc5 bxc5 30. Ne5 Rd4 {[%emt 0:01:11] Strongly threatening ...Rxe4.} 31. Ree3 Nxh3+ $2 (31... Rb4 32. Qc2 Qd6) 32. Rxh3 {[%emt 0:00:40] Threatening mate with Ref3.} Qxf2+ 33. Kh2 c4 (33... Qf4+ $142 34. Rhg3 Rd6) 34. Ng6+ Kg8 35. Qb6 {[%emt 0:00:13] Weighted Error Value: White=0.14 (very precise) /Black=0.69  Mistake:       	White=3     	Black=7      Inaccurate:     	---       	Black=4      OK:         	White=11    	Black=5      Best:        	White=3     	Black=1} 1-0

[Event "Karel Janecek Open 2025"]
[Site "Prague"]
[Date "2025.03.07"]
[Round "9.6"]
[White "Stork, Oliver"]
[Black "Raja Rithvik R"]
[Result "0-1"]
[Annotator "TA"]
[ECO "A06"]
[WhiteElo "2395"]
[BlackElo "2522"]
[PlyCount "70"]
[EventDate "2025.02.21"]
[EventType "swiss"]
[EventCountry "CZE"]
[SourceTitle "playchess.com"]
[Source "ChessBase"]
[SourceQuality "1"]
[TimeControl "40/5400+30:1800+30"]

1. b3 d5 2. Bb2 Nf6 3. Nf3 Bf5 4. Nh4 Bc8 5. Nf3 Bg4 6. e3 e6 7. h3 Bh5 8. g4 {[%emt 0:03:48] A06: Réti Opening: 1 Nf3 d5.} Bg6 9. Ne5 {[%emt 0:00:26] The old main line.} Nbd7 10. Nxg6 {[%emt 0:00:16] The position is equal.} hxg6 11. Bg2 g5 12. d3 $1 Bd6 13. Nd2 Ne5 14. Qe2 Ng6 15. Nf3 Nh4 16. Nxh4 Rxh4 17. Rf1 $146 (17. O-O-O Qe7 18. Qd2 O-O-O 19. f4 Ba3 20. fxg5 Bxb2+ 21. Kxb2 Nd7 22. e4 d4 23. Qf2 Qxg5 24. Qxd4 Nb6 25. Qf2 {0-1 Mrithyunjay,M (1867)-Bodrogi,B (2353) Wch U20 61st 2024 (6)}) 17... Qe7 18. f4 gxf4 19. exf4 Ba3 20. O-O-O a5 (20... Bxb2+ $14 21. Kxb2 c6) 21. c4 (21. Bxa3 $16 Qxa3+ 22. Kb1) 21... a4 $11 22. Bxa3 Qxa3+ 23. Qb2 axb3 24. axb3 Qd6 25. Kc2 Kf8 26. Ra1 Rd8 {[%emt 0:00:18] Strongly threatening ...dxc4.} (26... Rxa1 $5 27. Qxa1 Nxg4 $11) 27. Qe5 Qb6 28. f5 Rxg4 29. hxg4 $16 Nxg4 30. Qf4 (30. Qc3 $1 $16) 30... Ne3+ {[%emt 0:00:34] [#]} (30... dxc4 $1 $14 31. Kc1 (31. Qxg4 Qxb3+ 32. Kc1 Qc3+ 33. Kb1 Qxd3+ 34. Kb2 Qb3+ 35. Kc1 Qc3+ 36. Kb1 Qd3+ 37. Kb2 c3+ 38. Kb3 c2+ 39. Kb2 c1=Q+ 40. Rfxc1 Qb5+ 41. Kc2 Qc5+ 42. Kb1 Qb5+ 43. Kc2 Qc5+ 44. Kb1 Qb6+ 45. Kc2 Qc5+ $11) 31... e5) 31. Kc3 (31. Kd2 $1 $16 Nxf1+ (31... Nxg2 32. Qg5 $16) 32. Rxf1 (32. Bxf1 dxc4 33. fxe6 Qb4+ 34. Ke3 Qb6+ 35. Kf3 Qxe6 $14) 32... Qa5+ 33. Ke2 Qa2+ 34. Qd2 Qxd2+ 35. Kxd2) 31... d4+ $11 32. Kd2 $2 {[%emt 0:02:00][%mdl 8192] [#]} (32. Kb2 $11 Qb4 33. Ra4 Qd2+ 34. Ka3) 32... Qxb3 $1 $19 {[%emt 0:00:23] ( -> ...Qc2+)} (32... Nxg2 $2 {loses.} 33. Qg5 f6 (33... Qb4+ $2 34. Ke2 $18) 34. fxe6 $18 (34. Qxg2 Qxb3 35. Ke1 Qxd3 $16)) 33. Rf2 Qb2+ {[%emt 0:00:08] Black mates.} 34. Ke1 Qxa1+ 35. Ke2 Qd1# {[%emt 0:00:04] Weighted Error Value: White=0.59/Black=0.16 (very precise)   Loses game:     	White=1     	---        Mistake:       	White=3     	Black=3      Inaccurate:     	White=1     	Black=1      OK:         	White=6     	Black=8      Best:        	White=2     	Black=3      Strong:       	White=1     	Black=1} 0-1

[Event "Karel Janecek Open 2025"]
[Site "Prague"]
[Date "2025.03.07"]
[Round "9.7"]
[White "Urazayev, Arystanbek"]
[Black "Santamaria Fernandez, Guillermo"]
[Result "1-0"]
[Annotator "TA"]
[ECO "B15"]
[WhiteElo "2467"]
[BlackElo "2225"]
[PlyCount "119"]
[EventDate "2025.02.21"]
[EventType "swiss"]
[EventCountry "CZE"]
[SourceTitle "playchess.com"]
[Source "ChessBase"]
[SourceQuality "1"]
[TimeControl "40/5400+30:1800+30"]

1. e4 c6 2. Nc3 d5 3. Nf3 g6 4. d4 Bg7 5. h3 dxe4 6. Nxe4 Nf6 7. Nxf6+ exf6 8. Bc4 {[%emt 0:01:52] The main line 8.Bc4 scores better than 8.Bd3.} O-O 9. O-O {[%emt 0:00:10] Active counter play!} a5 {[%emt 0:01:06] B15: Caro-Kann: 3 Nc3: 3...g6 and 3...dxe4 4 Nxe4 Nf6 5 Nxf6+ exf6.} 10. Re1 Na6 11. Bf4 Nc7 {[%emt 0:02:41] The position is equal.} 12. Bg3 Nd5 13. Bf1 Be6 14. c4 Ne7 15. Qd2 Qd7 16. Rad1 Rfd8 17. Bh2 $146 (17. b3 Bf8 18. a4 Nf5 19. Qb2 Bb4 20. Re2 Nxg3 21. fxg3 Qc7 22. g4 {0-1 Izeta Txabarri,F (2452)-Domingo Nunez,R (2384) Titled Tuesday intern op 20th Dec Early blitz 2022 (3)}) 17... h5 18. Qe2 Nf5 19. h4 Bh6 20. Qc2 a4 21. Qc3 Bf8 22. Bf4 b5 23. d5 cxd5 24. cxb5 Rdc8 {[%emt 0:07:57] Against b6} 25. Qd2 Bc5 {[%emt 0:00:52] Prevents Nd4} 26. Bd3 $1 Nd6 27. Be3 (27. Bxd6 {feels hotter.} Qxd6 28. Qh6 Rc7 29. Re2) 27... Qa7 (27... Bg4 $11) 28. Bxc5 $1 $18 (28. Bxg6 $6 Bxe3 (28... fxg6 $2 29. Bxc5 Qxc5 30. Rxe6 $18) 29. Qxe3 (29. Rxe3 Nc4 $14) 29... Qxe3 30. Rxe3 Nxb5 $14) 28... Qxc5 {[%emt 0:00:16] [#]} 29. Bxg6 Kg7 {[%emt 0:07:10] Prevents Qh6+.} 30. Bd3 (30. Bxh5 $6 Ne4 31. Qd4 Qxb5 $16) 30... Bg4 31. Qf4 $1 {[%emt 0:01:17] Dodges Nc4} Nxb5 32. Bxb5 Qxb5 33. Nd4 $1 Qb8 34. Nf5+ Kg8 $2 (34... Bxf5 $16 35. Qxf5 Qxb2) 35. Ne7+ $2 (35. Nd6 $1 $18 {[%cal Of4f6] is the precise move to win.} Bxd1 36. Qxf6 (36. Rxd1 Qxb2 37. Qg3+ Kf8 $16)) 35... Kg7 $16 {[%emt 0:00:16] [#]} 36. Qd4 (36. Qe3 $1 $16) 36... Bxd1 (36... Rc2 $1 $11) 37. Nf5+ {[%emt 0:00:19] Some like it hot} (37. Nxc8 $16 {Re8 would now be deadly.} Bg4 38. Ne7) 37... Kg6 $1 $11 (37... Kh7 38. Qxf6 (38. Qxd1 Kg6 $18)) 38. Ne7+ (38. Qxd5 $2 Bg4 (38... Qxb2 39. Ne7+ Kg7 40. Rxd1 $11) 39. Ne7+ Kg7 40. Nxc8 Qxc8 $19) (38. Qxd1 $11 Re8 39. Ne7+ Rxe7 40. Rxe7 Qxb2 41. Qd3+ (41. Qxd5 Qc1+ 42. Kh2 Qf4+ 43. Kh1 Qc1+ 44. Kh2 Qf4+ 45. Kg1 Qc1+ 46. Kh2 $11) 41... Kg7 42. Qg3+ Kf8 43. Qc7) 38... Kg7 $16 39. Nxc8 {[%emt 0:00:35] Black is on the road to losing.} (39. Rxd1 $6 Re8 40. Nf5+ (40. Nxd5 Qe5 $17) 40... Kg6 $11) 39... Bg4 40. Ne7 Qa7 41. Qxd5 Qa5 42. Re3 Qxd5 43. Nxd5 {[%emt 0:00:00][%mdl 4096] Endgame KRB-KRN. White is a pawn up.} Rb8 44. Rg3 Kf8 $2 (44... Rxb2 $2 45. f3 $18) (44... Kh6 $16) 45. Nxf6 $18 Rxb2 46. Nxg4 hxg4 47. Rxg4 Rxa2 {[%emt 0:00:03] [#] KR-KR. White is a pawn up.} 48. g3 $1 a3 49. Ra4 Kg7 50. Kg2 Kh7 $2 (50... f5 51. Ra8 Kf6 52. Ra6+ Kf7) 51. Ra5 (51. Ra7 $142) 51... Ra1 $2 (51... Rc2 {was necessary.} 52. Rxa3 Kg6) 52. Kf3 Ra2 $2 (52... Kg7 53. Ra7 Kf6) 53. g4 Kg7 54. Ra6 Ra1 55. h5 f6 (55... Rh1 $142 56. Kf4 (56. Rxa3 $2 {too greedy.} Rh3+ 57. Kf4 Rxa3 $19) 56... Rf1) 56. Ra7+ Kh6 57. Rf7 Rg1 {[%emt 0:00:14] and ...a2 should not be overlooked} 58. Rxf6+ Kg5 59. Rf5+ Kh4 60. h6 {[%emt 0:00:30] Weighted Error Value: White=0.28 (precise) /Black=0.67  Loses game:     	---       	Black=3      Missed win:     	White=1     	---        Mistake:       	White=4     	Black=4      Inaccurate:     	White=1     	Black=2      OK:         	White=13    	Black=20     Best:        	White=5     	Black=2      Strong:       	White=4     	Black=1      Brilliant:      	White=1     	---} 1-0

[Event "Karel Janecek Open 2025"]
[Site "Prague"]
[Date "2025.03.07"]
[Round "9.8"]
[White "Kraus, Tomas"]
[Black "Gloeckler, Christian"]
[Result "0-1"]
[Annotator "TA"]
[ECO "E51"]
[WhiteElo "2451"]
[BlackElo "2334"]
[PlyCount "60"]
[EventDate "2025.02.21"]
[EventType "swiss"]
[EventCountry "CZE"]
[SourceTitle "playchess.com"]
[Source "ChessBase"]
[SourceQuality "1"]
[TimeControl "40/5400+30:1800+30"]

1. d4 Nf6 2. c4 e6 3. Nc3 Bb4 4. Bd2 O-O 5. Nf3 d5 6. e3 b6 7. cxd5 exd5 8. Bd3 {[%emt 0:00:05] E51: Nimzo-Indian: Rubinstein: 4...0-0 5 Nf3 d5.} Bd6 9. Ne5 c5 10. O-O {[%emt 0:01:32] The position is equal.} Ba6 11. Bxa6 $146 (11. Be1 Bxd3 12. Qxd3 c4 13. Qf5 Qc8 14. Qxc8 Rxc8 15. f3 Bb4 16. Bh4 Bxc3 17. bxc3 {½-½ Nechitailo,N (2252)-Farokhi,K (2306) GER-chT Lands U20 2024 (2)}) 11... Nxa6 12. Be1 Nc7 13. Rc1 Nfe8 14. Nc6 Qd7 15. dxc5 bxc5 16. Qa4 Qe6 {[%emt 0:06:06] Against f4} (16... Nf6 $17) 17. b4 $11 cxb4 18. Ne2 {[%emt 0:02:38] [#]} a5 $40 {[%emt 0:01:14][%mdl 128] Black has some attack.} 19. Ned4 Qd7 20. a3 bxa3 $17 21. Bxa5 (21. f3 $17) 21... Nf6 $19 22. Qb3 (22. f3 $142) 22... Ne6 23. Bc3 Nc5 24. Qa2 (24. Qb5 $17) 24... Rfc8 25. Bb4 Rxc6 26. Nxc6 Qxc6 27. Rc3 Rb8 28. Bxa3 Qa6 29. Qa1 $2 (29. Rc2 {was worth a try.}) 29... Be5 {[%emt 0:01:26][%cal Of6g4] [#] Threatens to win with ...Ng4!.} 30. Bxc5 Qxa1 {[%emt 0:00:10] Weighted Error Value: White=0.40/Black=0.16 (very precise)   Mistake:       	White=5     	Black=1      Inaccurate:     	White=4     	Black=2      OK:         	White=4     	Black=10     Best:        	---       	Black=2      Brilliant:      	---       	Black=1} 0-1

[Event "Karel Janecek Open 2025"]
[Site "Prague"]
[Date "2025.03.07"]
[Round "9.9"]
[White "Gkoumas, Georgios"]
[Black "Rubes, Jan"]
[Result "1/2-1/2"]
[Annotator "TA"]
[ECO "C79"]
[WhiteElo "2438"]
[BlackElo "2444"]
[PlyCount "52"]
[EventDate "2025.02.21"]
[EventType "swiss"]
[EventCountry "CZE"]
[SourceTitle "playchess.com"]
[Source "ChessBase"]
[SourceQuality "1"]
[TimeControl "40/5400+30:1800+30"]

1. e4 e5 2. Nf3 Nc6 3. Bb5 a6 4. Ba4 d6 5. O-O Nf6 6. Re1 Bd7 7. c3 g6 8. d4 Bg7 9. Nbd2 {[%emt 0:02:46] C79: Ruy Lopez: Steinitz-type lines with 3...a6 4 Ba4 Nf6 5 0-0 d6.} O-O 10. dxe5 Nxe5 11. Nxe5 dxe5 12. Nf3 b5 13. Bc2 Qe7 14. Qe2 $146 ({Predecessor:} 14. Bg5 h6 15. Bxf6 Bxf6 16. Qd2 Kg7 17. Rad1 Bg4 18. Qe2 c5 19. h3 Be6 20. b3 {½-½ Grot,B (2098)-Bartel,M (2621) Katowice POL-HUN 10th rapid 2023 (2)}) 14... Nh5 15. a4 h6 16. Rd1 Rfd8 17. Be3 Nf4 {[%emt 0:15:14] The position is equal.} 18. Bxf4 exf4 19. e5 Rab8 20. axb5 axb5 21. Rd4 b4 22. Rad1 bxc3 23. bxc3 {[%emt 0:08:11][%cal Oe2d3] Threatens to win with Qd3!.} Bg4 24. Rxf4 Bxf3 25. Rxd8+ Rxd8 26. Rxf3 Qxe5 {[%emt 0:02:53] Weighted Error Value: White=0.06 (flawless) /Black=0.04 (flawless)   Inaccurate:     	White=1     	---        OK:         	White=5     	Black=7} 1/2-1/2

[Event "Karel Janecek Open 2025"]
[Site "Prague"]
[Date "2025.03.07"]
[Round "9.10"]
[White "Vetoshko, Volodymyr"]
[Black "Simek, Petr"]
[Result "0-1"]
[Annotator "TA"]
[ECO "A13"]
[WhiteElo "2529"]
[BlackElo "2322"]
[PlyCount "92"]
[EventDate "2025.02.21"]
[EventType "swiss"]
[EventCountry "CZE"]
[SourceTitle "playchess.com"]
[Source "ChessBase"]
[SourceQuality "1"]
[TimeControl "40/5400+30:1800+30"]

1. Nf3 d5 2. e3 Nf6 3. c4 e6 4. b3 Bd6 5. Bb2 O-O 6. Nc3 {[%emt 0:01:37] A13: English Opening: 1...e6.} a6 7. g4 {[%emt 0:15:38] 7.g4 is setting a new trend.} b6 $146 (7... Nxg4 $142 8. Rg1 Nf6 (8... Nxh2 9. Nxh2 Bxh2 10. Rh1 $11)) (7... c5 8. Qc2 d4 9. exd4 cxd4 10. Nxd4 e5 11. Nf5 Nc6 12. Ne4 Bxf5 13. Nxf6+ Qxf6 14. Qxf5 {1-0 Sadhwani,R (2653)-Eljanov,P (2672) FIDE World Bl Team Final blitz 2024 (2.1)}) 8. g5 $11 {[%emt 0:04:34] The position is equal.} Ne4 9. Qc2 Bb7 10. Nxe4 $2 (10. Rg1 $14 {keeps the upper hand.} Nd7 11. h4) 10... dxe4 $17 11. Qc3 f6 12. Nd4 Be5 (12... Qe7 $19 {aiming for ...c5.} 13. Bh3 Be5 14. Bxe6+ Kh8) 13. Qc2 Qe7 14. Bg2 f5 15. f4 {[%emt 0:01:59] [#]} exf3 $1 16. Nxf3 Be4 {[%emt 0:01:08] Black has more active pieces. The white rooks are passive.} 17. Qc1 Bxb2 18. Qxb2 Nd7 19. O-O Rad8 20. h4 h6 21. gxh6 $2 (21. Rf2 $17) 21... gxh6 $19 22. Nd4 $2 (22. Rfd1) 22... Bxg2 (22... Qxh4 23. Nxe6 Rf6 24. d3 Rxe6 25. dxe4 $15) 23. Kxg2 Kh7 (23... Qxh4 24. Nf3 Qg4+ 25. Kh1 $19) 24. Kh3 (24. Nf3 $142 Rg8+ 25. Kh1) 24... Ne5 25. Qc2 Rg8 $2 (25... Rxd4 26. exd4 Ng6) 26. Rg1 $2 (26. Nxf5 exf5 27. Qxf5+ Ng6 28. Qf7+ Rg7 29. Qxe7 Rxe7 (29... Nxe7 $2 30. Rf2 $19) 30. Rf2) 26... c5 27. Nxf5 exf5 28. Qxf5+ Kh8 29. Rxg8+ Rxg8 30. Rf1 Nd7 {[%emt 0:06:11] Wards off Qf6+} 31. Rf4 {[%emt 0:01:03] [#]} Qd6 $1 32. Qc2 (32. Qe4 {was necessary.}) 32... Rg7 33. a3 $2 (33. Qf5 Qxd2 34. Qe4) 33... Kg8 34. b4 $2 (34. Qf5) 34... Ne5 35. bxc5 bxc5 {[%emt 0:00:02] ( -> ...Nd3)} 36. Qf5 {[%emt 0:00:27] [#]} Qxd2 $1 37. Qf8+ (37. Qxe5 $2 Qg2#) 37... Kh7 38. Qf5+ Kg8 39. Qf8+ (39. Qxe5 $2 Qg2#) ({Not} 39. Qe6+ $2 Kh7 40. Qf5+ Rg6 $19) 39... Kh7 40. Qf5+ Rg6 41. Qe4 {[%emt 0:04:23][%cal Oh4h5] Dodges Qg2+} Qd7+ 42. Qf5 Qxf5+ 43. Rxf5 Nxc4 44. Rxc5 Nxa3 ({Much less strong is} 44... Nxe3 45. a4) 45. h5 Rg5 46. Rc7+ Rg7 {[%emt 0:00:05] Weighted Error Value: White=0.73/Black=0.69  Mistake:       	White=8     	Black=3      Inaccurate:     	White=2     	Black=3      OK:         	White=13    	Black=11     Best:        	White=5     	Black=6      Strong:       	---       	Black=1} 0-1